 Dungeon Crawl Stone Soup version 0.31.0-32-g396128a36d (webtiles) character file.

Game seed: 10553331554942180920

99 Peloso the Covered (level 4, -7/40 HPs)
             Began as a Minotaur Fighter on Mar 9, 2024.
             Killed by nerve-wracking pain
             ... invoked by Grinder
              (13 damage)
             ... on level 3 of the Dungeon.
             The game lasted 00:03:21 (1884 turns).

Peloso the Covered (Minotaur Fighter)               Turns: 1884, Time: 00:03:22

Health: -7/40      AC:  9    Str: 27    XL:     4   Next: 45%
Magic:  3/3        EV:  8    Int:  5    God:
Gold:   255        SH:  4    Dex: 11    Spells: 3/3 levels left

rFire   . . .        a - +0 long sword
rCold   . . .        d - +0 buckler
rNeg    . . .        c - +0 chain mail
rPois   .            (helmet restricted)
rElec   .            (no cloak)
rCorr   .            (no gloves)
SInv    .            (no boots)
Will    .....        (no amulet) Stlth
                     g - +6 ring of strength
HPRegen 0.26/turn    (no ring)
MPRegen 0.08/turn

%: no passive effects
@: no status effects
A: horns 2, retaliatory headbutt
a: no special abilities


You were on level 3 of the Dungeon.
You visited 1 branch of the dungeon, and saw 3 of its levels.

You collected 255 gold pieces.

Inventory:

Hand Weapons
 a - a +0 long sword (weapon)
Armour
 b - a +0 scale mail
 c - a +0 chain mail (worn)
 d - a +0 buckler (worn)
Jewellery
 g - a +6 ring of strength (left hand)
 l - a ring of see invisible
Talismans
 n - a blade talisman
Wands
 m - a wand of mindburst (8)
Scrolls
 f - 2 scrolls of identify
 i - 2 scrolls of enchant weapon {unknown}
 k - a scroll of brand weapon {unknown}
 o - a scroll of fog {unknown}
 p - a scroll of enchant armour {unknown}
Potions
 e - a potion of heal wounds
 h - a potion of berserk rage
 j - a potion of might


   Skills:
 + Level 4.1 Fighting
 + Level 4.2 Long Blades
 + Level 4.3 Armour
 + Level 0.3 Dodging
 + Level 4.2 Shields


You had 3 spell levels left.
You didn't know any spells.
Your spell library contained the following spells:

 Spells                   Type           Power      Damage    Failure   Level
 Shock                    Conj/Air       0%         1d3       96%         1
 Sublimation of Blood     Necr           0%         N/A       99%         2
 Swiftness                Air            0%         N/A       100%        3
 Airstrike                Air            0%         2d(0-16)  100%        4
 Petrify                  Alch/Erth      0%         N/A       100%        4
 Irradiate                Conj/Alch      0%         3d11      100%        5


Dungeon Overview and Level Annotations

Branches:
Dungeon (3/15)

Altars:
Xom

Annotations:
D:3 Grinder


Innate Abilities, Weirdness & Mutations

You have a pair of horns on your head.
You reflexively headbutt those who attack you in melee.


Message History

Found a faintly humming ring mail.
Grinder gestures at you. You resist with significant effort.
Grinder closely misses you.
You completely miss Grinder. Your headbutt misses Grinder.
Grinder is heavily wounded.
Grinder completely misses you. You furiously retaliate!
You headbutt Grinder! You closely miss Grinder.
Grinder is severely wounded.
Grinder closely misses you.
You closely miss Grinder.
Grinder is severely wounded.
You block Grinder's attack.
You hit Grinder.
Grinder is severely wounded.
Grinder gestures at you.
You suddenly lose the ability to move!
Grinder hits you.
You writhe in agony.
Grinder hits you.
Grinder sighs, "No one appreciates my work."
Grinder hits you but does no damage.
You can move again.
Unknown command.
You hit Grinder.
Grinder is almost dead.
Grinder gestures at you. You resist with significant effort.
Unknown command.
You hit Grinder. You headbutt Grinder, but do no damage.
Grinder is almost dead.
Grinder hits you!
* * * LOW HITPOINT WARNING * * *
You writhe in agony.
* * * LOW HITPOINT WARNING * * *
Unknown command.
You barely miss Grinder. Your headbutt misses Grinder.
Grinder is almost dead.
Grinder gestures at you. Pain shoots through your body!
You die...
Grinder says, "Now the real fun starts!"

# .................
##..[.###............
#...... ..........
#.#.#.# #....#.#..
...#.#########.#.#..
................#.. .
#.#.#####..†.......
...###.#.# #.###.###..
......5@.#####.###.# #..
................##.# #..
....##.>.........#.# #..
.........#####...#.###..
.?..###..#####.[.#......
............'...#####..
.#.###.######...#...#..
#.# #...#...##. #.
##..'...##.


You could see Grinder.

Vanquished Creatures
  3 adders
  3 dart slugs
  A ribbon worm (D:2)
  An orc (D:3)
  8 bats
  4 endoplasms
  4 giant cockroaches (D:1)
  2 goblins (D:2)
  4 hobgoblins
  6 jackals
  8 kobolds
  4 ball pythons
  3 frilled lizards
  11 rats
62 creatures vanquished.

Notes
Turn   | Place    | Note
-------+----------+-------------------------------------------
     0 | D:1      | Peloso the Minotaur Fighter began the quest for the Orb.
     0 | D:1      | Reached XP level 1. HP: 19/19 MP: 0/0
   186 | D:1      | Reached XP level 2. HP: 27/27 MP: 1/1
   491 | D:1      | Reached XP level 3. HP: 33/33 MP: 2/2
   857 | D:2      | Found a faded altar of an unknown god.
  1007 | D:2      | Reached XP level 4. HP: 33/40 MP: 3/3
  1584 | D:3      | Found a shimmering altar of Xom.
  1861 | D:3      | Noticed Grinder
  1879 | D:3      | Paralysed by Grinder for 3 turns
  1884 | D:3      | Killed from afar by Grinder

Illustrated notes

Levels and vault maps discovered:
D:1:      minmay_arrival_solitary_statue, layout_basic, nicolae_eternal_life,
          minmay_pentomino_t2
D:2:      layout_loops_ring, ebering_ecumenical_altar_webs, minivault_14
D:3:      layout_basic, xom_teletrap_fun, uniq_grinder

Skill      XL: |  1  2  3  4 |
---------------+-------------+-----
Armour         | 4 |  4.3
Long Blades    | 3 4 |  4.2
Fighting       | 4 |  4.1
Shields        | 4 |  4.2
Dodging        | |  0.3

Action                     |  1- 3 |  4- 6 || total
---------------------------+-------+-------++-------
  Melee: Long sword        |    93 |    42 ||   135
         Headbutt          |    14 |     7 ||    21
    Use: Scroll            |     2 |     1 ||     3
 Armour: Scale mail        |     5 |       ||     5
         Chain mail        |    68 |    26 ||    94
  Dodge: Dodged            |    42 |    17 ||    59
  Block: Buckler           |    23 |     4 ||    27
